 Dungeon Crawl Stone Soup version 0.18-a0-884-gb6cfd45 (webtiles) character file.

84 Duffy the Magician (level 4, -9/24 HPs)
             Began as a Deep Elf Wizard on Dec 22, 2015.
             Killed by divine providence
             ... invoked by an orc priest
              (16 damage)
             ... on level 3 of the Dungeon.
             The game lasted 00:02:10 (2369 turns).

Duffy the Magician (Deep Elf Wizard)                Turns: 2369, Time: 00:02:10

Health: -9/24      AC:  3    Str:  4    XL:     4   Next: 24%
Magic:  12/13      EV: 12    Int: 24    God:
Gold:   162        SH:  0    Dex: 13    Spells: 4 memorised, 6 levels left

rFire  . . .     SeeInvis .     (no weapon)
rCold  . . .     Gourm    .     a - +0 robe
rNeg   . . .     Faith    .     (no shield)
rPois  .         Spirit   .     b - +0 hat
rElec  .         Dismiss  .     (no cloak)
rCorr  .         Reflect  .     (no gloves)
SustAt .         Harm     .     q - +0 pair of boots
MR     .....                    (no amulet)
Stlth  ++........               (no ring)
                                (no ring)

@: repel missiles, not resistant to hostile enchantments, unstealthy
A: no striking features
a: no special abilities


You were on level 3 of the Dungeon.
You were not hungry.

You visited 1 branch of the dungeon, and saw 3 of its levels.

You collected 162 gold pieces.


   Skills:
 - Level 2.4 Dodging
 - Level 2.4 Stealth
 + Level 5.1 Spellcasting
 + Level 4.0 Conjurations
 - Level 1.1 Summonings
 - Level 1.1 Translocations


You had 6 spell levels left.
You knew the following spells:

 Your Spells              Type           Power        Failure   Level  Hunger
a - Magic Dart            Conj           ####         1%          1    None
i - Call Imp              Summ           ##......     12%         2    None
B - Blink                 Tloc           N/A          12%         2    None
M - Repel Missiles        Chrm/Air       #.....       14%         2    None

Inventory:

Missiles
 r - 11 poisoned needles
Armour
 a - a +0 robe (worn)
 b - a +0 hat (worn)
 q - a +0 pair of boots (worn)
Scrolls
 f - 3 scrolls of recharging {unknown}
 h - 3 scrolls of identify {unknown}
 k - 2 scrolls of random uselessness {unknown}
 l - a scroll of immolation {unknown}
 m - a scroll of magic mapping {unknown}
 n - a scroll of blinking {unknown}
 o - 2 scrolls of enchant armour {unknown}
Potions
 e - a potion of degeneration {unknown}
 g - 2 potions of mutation {unknown}
 i - a potion of cancellation {unknown}
 j - a potion of flight {unknown}
 t - a potion of curing {unknown}
Books
 c - a book of Minor Magic
Comestibles
 d - 2 bread rations
 p - a slice of pizza
 s - 3 chunks of flesh

Dungeon Overview and Level Annotations

Branches:
Dungeon (3/15)

Altars:
Makhleb
Qazlal
Yredelemnul


Message History

Your magical contamination has completely faded away.
Your white imp disappears in a puff of smoke!
Some of the chunks of flesh in your inventory have rotted away.
Your crimson imp disappears in a puff of smoke!
f - 3 scrolls labeled USTRUTS ZYINUC (gained 1)
t - a ruby potion You now have 148 gold pieces (gained 16).
d - 2 bread rations (gained 1)
Found 9 bolts of penetration.
You now have 162 gold pieces (gained 14).
An orc priest comes into view. It is wielding a dagger.
The orc priest shouts!
The orc priest mumbles some strange prayers to Beogh against you.
Something smites you!
A rat comes into view.
You see here a scroll labeled GUUTTOBIPP.
Cast which spell? (? or * to list)
Aiming: Magic Dart
Press: ? - help, Shift-Dir - straight line, f - rat
Aim: a rat (hasn't noticed you)
The magic dart hits the rat.
You kill the rat!
Cast which spell? (? or * to list)
Aiming: Magic Dart
Press: ? - help, Shift-Dir - straight line, f - orc priest
Aim: an orc priest, wielding a dagger The magic dart hits the orc priest. 2 orcs come into view.
The orc priest mumbles some strange prayers to Beogh against you.
Something smites you!
Found 26 arrows.
The orc priest calls down the wrath of Beogh upon you.
Something smites you!
Ouch! That really hurt!
You die...

#................ #.
...........%..... #(
#................
##.#..#..............
#$...##.............. ###..#
#.............. #. #....#
#.>#.....#.....#
#.######.#..##..######.#######
........#.#.@.#######.#
##..........#.......#.#
#.....................#
#................#..#
..##............##...#
#.#?.........#.#...#
..#o##......##.#....#
....##.#....#.##.....#
....#.#.####.#.#.....#


You could see an orc priest.

Action                   |  1- 3 |  4- 6 || total
-------------------------+-------+-------++-------
 Cast: Magic Dart        |    87 |    15 ||   102
       Repel Missiles    |     1 |       ||     1
       Call Imp          |     2 |     2 ||     4
  Eat: Chunk             |     3 |     1 ||     4

Notes
Turn   | Place    | Note
--------------------------------------------------------------
     0 | D:1      | Duffy the Deep Elf Wizard began the quest for the Orb.
     0 | D:1      | Reached XP level 1. HP: 10/10 MP: 7/7
   115 | D:1      | Reached skill level 2 in Conjurations
   272 | D:1      | Reached XP level 2. HP: 15/15 MP: 6/9
   954 | D:1      | Learned a level 2 spell: Blink
   957 | D:1      | Learned a level 2 spell: Repel Missiles
   961 | D:1      | Learned a level 2 spell: Call Imp
  1007 | D:2      | Reached skill level 3 in Conjurations
  1007 | D:2      | Reached XP level 3. HP: 16/19 MP: 2/10
  1196 | D:2      | Found a stormy altar of Qazlal.
  1992 | D:2      | Reached skill level 5 in Spellcasting
  2017 | D:2      | Found a burning altar of Makhleb.
  2021 | D:2      | Reached XP level 4. HP: 20/24 MP: 10/13
  2140 | D:2      | Found a basalt altar of Yredelemnul.
  2187 | D:3      | Reached skill level 4 in Conjurations
  2369 | D:3      | Killed from afar by an orc priest

Vault maps used:
D:1:      tarquinn_simple_flora_water_a
D:2:      nicolae_overflow_hidden_temple, marbit_many_paths,
          nicolae_qazlal_general_emergency, patterned_corridor
D:3:      lemuel_round_altar, first_bread, serial_park_tiny_1,
          minmay_misc_feat_secret_circle

Vanquished Creatures
  3 adders
  2 oozes
  3 worms
  A giant gecko
  6 bats
  6 goblins
  8 hobgoblins
  2 jackals
  4 kobolds
  A giant newt
  8 rats
44 creatures vanquished.
